 Dungeon Crawl Stone Soup version 0.24.0-123-gd5b16e6ec5 (webtiles) character file.

Game seed: 2289160626628391710, levelgen mode: deterministic

83 Elellon the Chopper (level 4, -3/40 HPs)
             Began as a Hill Orc Fighter on Dec 31, 2019.
             Killed by divine providence
             ... invoked by an orc priest
              (7 damage)
             ... on level 3 of the Dungeon.
             The game lasted 00:08:26 (2390 turns).

Elellon the Chopper (Hill Orc Fighter)              Turns: 2390, Time: 00:08:26

Health: -3/40      AC:  6    Str: 19    XL:     4   Next: 44%
Magic:  0/4        EV:  8    Int:  8    God:
Gold:   136        SH:  9    Dex: 10    Spells: 3/3 levels left

rFire    . . .     SeeInvis .   a - +0 war axe
rCold    . . .     Gourm    .   c - +0 shield
rNeg     . . .     Faith    .   u - +3 leather armour {MR+}
rPois    .         Spirit   +   (no helmet)
rElec    .         Reflect  .   l - scarf {Spirit}
rCorr    .         Harm     .   (no gloves)
MR       +....                  (no boots)
Stlth    +.........             (no amulet)
HPRegen  0.13/turn              (no ring)
MPRegen  0.09/turn              (no ring)

@: no status effects
A: no striking features
a: Convert to Beogh


You were on level 3 of the Dungeon.
You were full.

You visited 1 branch of the dungeon, and saw 4 of its levels.

You collected 136 gold pieces.

Inventory:

Hand Weapons
 a - a +0 war axe (weapon)
Armour
 c - a +0 shield (worn)
 l - a scarf of spirit shield (worn)
 u - a +3 leather armour of magic resistance (worn)
Jewellery
 b - a +3 ring of slaying {unknown}
 o - an uncursed ring of protection from magic {unknown}
 v - an uncursed ring of positive energy {unknown}
Scrolls
 e - 5 scrolls of remove curse {unknown}
 h - 7 scrolls of identify {unknown}
 i - a scroll of magic mapping {unknown}
 j - a scroll of enchant armour {unknown}
 n - 2 scrolls of fog {unknown}
 r - a scroll of enchant weapon {unknown}
 w - a scroll of fear {unknown}
Potions
 d - 2 potions of might
 g - a potion of curing {unknown}
 k - 2 potions of lignification {unknown}
 m - a potion of mutation {unknown}
 p - 2 potions of flight {unknown}
 q - a potion of berserk rage {unknown}
 s - a potion of invisibility {unknown}
 t - a potion of degeneration {unknown}
Comestibles
 f - 7 rations


   Skills:
 + Level 3.8 Fighting
 * Level 5.0 Axes
 + Level 3.8 Armour
 + Level 3.6 Shields


You had 3 spell levels left.
You didn't know any spells.
Your spell library was empty.

Dungeon Overview and Level Annotations

Branches:
Dungeon (4/15)
 Temple: D:4-7

Altars:
Cheibriados


Message History

The orc priest hits you but does no damage.
You hit the orc priest.
The orc priest is moderately wounded.
You hit the orc priest.
The orc priest shouts, "Surrender to Beogh and we'll let you live!" x2
You block the orc priest's attack. The orc priest barely misses you.
The orc priest shouts, "Join the one true god or die!"
You barely miss the orc priest.
The orc priest is moderately wounded.
You hit the orc priest but do no damage.
The orc priest shouts, "Surrender to Beogh and we'll let you live!"
The orc priest barely misses you. The orc priest hits you with a +0 mace.
* * * LOW HITPOINT WARNING * * *
Unknown command.
You completely miss the orc priest.
The orc priest is moderately wounded.
You hit the orc priest. You block the orc priest's attack.
The orc priest calls down the wrath of Beogh upon you.
Beogh smites you!
You die...

##.## #.....# #.#
#.##.## #.# ###.##.#
#.# #......##### #.#
#........... #.#
#...#####.## #.# #...#
#.# #####o######...#
#.# #.....@........#
#.# #.###o######...#
#.## #.# #...>.##...#
#... #.#
###)#)##...#####.##
#.# #...............#
#.#####.#.##.######..#
#.##......##.# #.##
#(......####.# #.#
####....# #.######.##


You could see 2 orc priests.

Vanquished Creatures
  2 adders (D:3)
  An ooze (D:1)
  2 worms (D:3)
  2 dart slugs
  2 orcs (D:3)
  4 giant cockroaches
  5 goblins
  6 hobgoblins
  2 quokkas (D:3)
  6 bats
  3 frilled lizards
  7 kobolds
  9 rats
51 creatures vanquished.

Notes
Turn   | Place    | Note
-------+----------+-------------------------------------------
     0 | D:1      | Elellon the Hill Orc Fighter began the quest for the Orb.
     0 | D:1      | Reached XP level 1. HP: 19/19 MP: 1/1
   185 | D:1      | Reached XP level 2. HP: 27/27 MP: 2/2
   241 | D:1      | Reached skill level 3 in Axes
   662 | D:1      | Reached XP level 3. HP: 33/33 MP: 3/3
  1289 | D:2      | Found a snail-covered altar of Cheibriados.
  1335 | D:3      | Reached skill level 4 in Axes
  1650 | D:3      | Reached XP level 4. HP: 26/40 MP: 2/4
  2351 | D:3      | Reached skill level 5 in Axes
  2390 | D:3      | Killed from afar by an orc priest

Levels and vault maps discovered:
D:1:      dpeg_arrival_line_fractal, layout_loops_cross, roderic_lattice_a,
          patterned_corridor
D:2:      layout_rooms, cheibriados_altar_1
D:3:      layout_loops_ring, first_ration
D:4:      layout_cave_pools, kennysheep_potato

Skill      XL: |  1  2  3  4 |
---------------+-------------+-----
Axes           | 3 4 5 |  5.0
Fighting       | |  3.8
Armour         | |  3.8
Shields        | |  3.6

Action                   |  1- 3 |  4- 6 || total
-------------------------+-------+-------++-------
Melee: War axe           |   118 |    51 ||   169
  Eat: Chunk             |     2 |     1 ||     3
       Ration            |       |     2 ||     2
Armor: Scale mail        |    52 |       ||    52
       Leather armour    |     5 |    16 ||    21
Dodge: Dodged            |    39 |    14 ||    53
Block: Shield            |    48 |    24 ||    72
